 Dungeon Crawl Stone Soup version 0.25-a0-861-g340c9e8194 (webtiles) character file.

Game seed: 4516468364317782634, levelgen mode: deterministic

206621 Flugkiller the Shatterer (level 18, -11/300 HPs)
             Began as an Ogre Skald on Apr 29, 2020.
             Was a Believer of Uskayaw.
             Mangled by an earth elemental (36 damage)
             ... summoned by a deep elf elementalist
             ... on level 3 of the Elven Halls.
             The game lasted 01:26:48 (43892 turns).

Flugkiller the Shatterer (Ogre Skald)              Turns: 43892, Time: 01:26:49

Health: -11/300    AC:  9    Str: 27    XL:     18   Next: 72%
Magic:  22/24      EV: 21    Int: 14    God:    Uskayaw [**....]
Gold:   271        SH:  0    Dex: 14    Spells: 16/25 levels left

rFire    . . .     SeeInvis .   b - +3 giant club "Skullcrusher" {speed, Str+7}
rCold    . . .     Gourm    .   (shield currently unavailable)
rNeg     . . .     Faith    .   A - +1 troll leather armour {Snorg}
rPois    +         Spirit   .   (helmet restricted)
rElec    .         Reflect  .   i - +2 cloak
rCorr    .         Harm     .   (gloves unavailable)
MR       +....                  (boots unavailable)
Stlth    ..........             (no amulet)
HPRegen  1.00/turn              Y - +5 ring of evasion
MPRegen  0.19/turn              R - ring "Trusted Companion" {rPois Slay+5}

@: berserking, hasted, lightly drained, very quick
A: large, unfitting armour, horns 1, mutation resistance 1, tough skin 1
}: 1/15 runes: gossamer
a: Stomp, Line Pass, Renounce Religion


You were on level 3 of the Elven Halls.
You worshipped Uskayaw.
Uskayaw was noncommittal.
You were not hungry.

You visited 7 branches of the dungeon, and saw 33 of its levels.
You also visited: Bailey and Ice Cave.

You collected 3179 gold pieces.
You spent 2908 gold pieces at shops.

Inventory:

Hand Weapons
 a - a +5 vampiric giant spiked club
   (You took it off a two-headed ogre on level 12 of the Dungeon)
 b - the +3 giant club "Skullcrusher" (weapon) {speed, Str+7}
   (You bought it in a shop on level 1 of the Orcish Mines)

   Attacks with this weapon are significantly faster.
   It affects your strength (+7).
 M - the +5 giant club "Tujoul" {antimagic, Int+2}
   (You acquired it on level 10 of the Dungeon)

   It reduces the magical energy of the wielder, and disrupts the spells and
   magical abilities of those hit.
   Natural abilities and divine invocations are not affected.
   It affects your intelligence (+2).
Missiles
 s - 4 throwing nets (quivered)
 B - 7 curare-tipped darts
 F - 12 large rocks
Armour
 i - a +2 cloak (worn)
   (You found it on level 1 of the Dungeon)
 A - a +1 troll leather armour (worn) {Snorg}
   (You found it on level 11 of the Dungeon)
 W - a scarf of resistance
   (You found it on level 5 of the Lair of Beasts)
Jewellery
 f - an uncursed ring of protection from magic
   (You bought it in a shop on level 2 of the Orcish Mines)
 g - an uncursed ring of see invisible
   (You found it on level 1 of the Dungeon)
 m - an uncursed ring of ice
   (You found it on level 1 of the Elven Halls)
 x - an uncursed ring of protection from fire
   (You found it on level 1 of the Elven Halls)
 J - an uncursed ring of protection from magic
   (You found it on level 3 of the Elven Halls)
 R - the ring "Trusted Companion" (right hand) {rPois Slay+5}
   (You found it on level 4 of the Spider Nest)

   [ring of poison resistance]

   It affects your accuracy and damage with ranged weapons and melee attacks
   (+5).
   It protects you from poison.
 Y - a +5 ring of evasion (left hand)
   (You found it on level 2 of the Lair of Beasts)
Wands
 C - a wand of iceblast (11)
   (You took it off Maggie on level 6 of the Dungeon)
 E - a wand of flame (45)
   (You found it on level 5 of the Dungeon)
 K - a wand of enslavement (10)
   (You found it on level 8 of the Dungeon)
 L - a wand of disintegration (9)
   (You found it on level 2 of the Shoals)
 O - a wand of digging (5)
   (You found it on level 9 of the Dungeon)
 T - a wand of paralysis (4)
   (You took it off Sonja on level 2 of the Lair of Beasts)
 Z - a wand of acid (7)
   (You found it on level 12 of the Dungeon)
Scrolls
 h - 7 scrolls of enchant armour
 j - 7 scrolls of identify
 l - 4 scrolls of immolation
 v - 3 scrolls of amnesia
 D - 6 scrolls of fog
 G - 5 scrolls of magic mapping
 H - 12 scrolls of remove curse
 N - 3 scrolls of vulnerability
 S - a scroll of summoning
 V - 11 scrolls of teleportation
Potions
 c - 5 potions of cancellation
 k - 4 potions of might
 n - 7 potions of lignification
 o - 13 potions of curing
 p - 7 potions of haste
 r - 3 potions of brilliance
 u - 5 potions of berserk rage
 w - 10 potions of ambrosia
 z - a potion of invisibility
 I - 7 potions of mutation
 P - 4 potions of stabbing
 Q - a potion of magic
 U - 2 potions of resistance
Miscellaneous
 t - a lightning rod (4/4)
   (You found it on level 1 of the Spider Nest)
 y - a box of beasts
Comestibles
 d - 35 rations
 q - 3 chunks of flesh


   Skills:
 - Level 17.1 Fighting
 - Level 22.0(21.9) Maces & Flails
 - Level 11.0(10.9) Dodging
 - Level 4.0(3.9) Spellcasting
 - Level 4.0(3.9) Hexes
 - Level 6.0(5.9) Charms
 + Level 6.2(6.1) Invocations
 - Level 4.0(3.9) Evocations


You had 16 spell levels left.
You knew the following spells:

 Your Spells              Type           Power        Failure   Level  Hunger
a - Infusion              Chrm           ###.         1%          1    None
b - Shroud of Golubria    Chrm/Tloc      ##....       10%         2    ##.....
c - Ozocubu's Armour      Chrm/Ice       ##......     19%         3    ###....
d - Spectral Weapon       Hex/Chrm       ###.....     9%          3    ###....

Your spell library contained the following spells:

 Spells                   Type           Power        Failure   Level  Hunger
 Song of Slaying          Chrm           ###.....     2%          2    ##.....
 Corona                   Hex            ##.....      4%          1    None
 Slow                     Hex            ##......     6%          2    ##.....
 Confusing Touch          Hex            ##......     13%         3    ###....
 Tukima's Dance           Hex            ##......     13%         3    ###....
 Ensorcelled Hibernation  Hex/Ice        #.....       14%         2    ##.....
 Animate Skeleton         Necr           N/A          22%         1    None
 Apportation              Tloc           #.....       22%         1    None
 Magic Dart               Conj           #...         22%         1    None
 Summon Small Mammal      Summ           #...         22%         1    None
 Dazzling Flash           Conj/Hex       #.....       28%         3    ###....
 Summon Guardian Golem    Hex/Summ       #.......     28%         3    ###....
 Blink                    Tloc           N/A          32%         2    ##.....
 Call Imp                 Summ           #.......     32%         2    ##.....
 Cause Fear               Hex            ##........   38%         4    ####...
 Call Canine Familiar     Summ           #.......     54%         3    ###....
 Conjure Flame            Conj/Fire      #.......     54%         3    ###....
 Mephitic Cloud           Conj/Pois/Air  #.......     54%         3    ###....
 Recall                   Summ/Tloc      N/A          54%         3    ###....
 Summon Ice Beast         Ice/Summ       #.......     91%         4    ####...
 Summon Lightning Spire   Summ/Air       #.......     91%         4    ####...
 Silence                  Hex/Air        #.........   95%         5    ######.
 Summon Mana Viper        Hex/Summ       #.......     95%         5    ######.
 Yara's Violent Unravell  Hex/Tmut       #.........   95%         5    ######.
 Aura of Abjuration       Summ           #.........   99%         5    ######.
 Summon Demon             Summ           #.........   99%         5    ######.
 Summon Forest            Summ/Tloc      #.........   99%         5    ######.
 Shadow Creatures         Summ           N/A          100%        6    #######
 Discord                  Hex            ##........   100%        8    #######


Dungeon Overview and Level Annotations

Branches:
Dungeon (15/15)            Temple (1/1) D:7            Lair (6/6) D:10
 Shoals (2/4) Lair:4       Spider (4/4) Lair:2        Slime (0/5) Lair:5
    Orc (2/2) D:9             Elf (3/3) Orc:2        Vaults (0/5) D:13
 Depths (0/5) D:15         Bailey (visited)           IceCv (visited)

Altars:
Ashenzari
Cheibriados
Dithmenos
Elyvilon
Fedhas
Gozag
Hepliaklqana
Kikubaaqudgha
Makhleb
Nemelex Xobeh
Okawaru
Ru
Trog
Uskayaw
Vehumet
Wu Jian
Xom
Yredelemnul
Zin
The Shining One
Beogh
Jiyva

Shops:
D:4 }   D:6 *   D:11 ?   D:12 *   D:14 :*   Orc:1 (((}   Orc:2 =%:=
Elf:1 !*}?   Shoals:1 [

Annotations:
D:3 3 runed translucent doors, Esekla's ghost, amateur DESk; incide's ghost, amateur DsGl
D:10 2 runed translucent doors
D:12 2 transporters
Lair:2 exclusion: oklob plant
Spider:2 2 transporters
Elf:2 3 runed translucent doors


Innate Abilities, Weirdness & Mutations

You are too large for most types of armour.
You have tough skin. (AC +1)
You have a pair of small horns on your head.
You are somewhat resistant to further mutation.


Message History

* * * LOW HITPOINT WARNING * * *
The earth elemental closely misses you.
You hear a shout!
Okay, then.
Unknown command.
A red film seems to cover your vision as you go berserk!
You feel yourself moving faster!
You feel mighty!
The deep elf elementalist barely misses you.
The earth elemental hits you!
* * * LOW HITPOINT WARNING * * *
The deep elf sorcerer hits you with a +0 long sword!
* * * LOW HITPOINT WARNING * * *
You pound the deep elf sorcerer like an anvil!!!
The deep elf sorcerer is severely wounded.
The earth elemental completely misses you.
The deep elf annihilator gestures wildly while chanting.
The deep elf annihilator blinks!
Unknown command.
You sock the deep elf sorcerer!
The deep elf sorcerer is almost dead.
The earth elemental hits you but does no damage.
You can now pass through a line of other dancers.
Unknown command.
You closely miss the deep elf sorcerer.
Your headbutt misses the deep elf sorcerer.
The deep elf sorcerer is almost dead.
The deep elf elementalist gestures at you while chanting.
Some walls begin to move on their own!
The deep elf sorcerer gestures at you while chanting.
You easily resist.
The earth elemental barely misses you.
You hear a shout!
Unknown command.
You beat the deep elf sorcerer like a drum!!!
You kill the deep elf sorcerer!
Base training target 22.0 for Maces & Flails reached!
Your base Maces & Flails skill increases to level 22!
You need to enable at least one skill for training.
You hear a shout!
The earth elemental hits you!!
* * * LOW HITPOINT WARNING * * *
Unknown command.
You closely miss the deep elf elementalist.
You headbutt the deep elf elementalist!!
The deep elf elementalist is moderately wounded.
Unknown command.
You closely miss the deep elf elementalist.
You headbutt the deep elf elementalist.
The deep elf elementalist is moderately wounded.
The earth elemental hits you!!!
You die...

... #e# #.# E#.# #E.#
#####EE# #.....# ######
#....E# #E.E.### ##....#
#E@E.<.#+#
#...E########EeE.e...#
##..'.)....e..'........#
#.##e#########......#+#
#####e## #....### ##.##
#..#+# ##.## #### ##.##
##.##


You could see a deep elf annihilator, a deep elf sorcerer, a deep elf
elementalist and 6 earth elementals.

Vanquished Creatures
  An Ice Fiend (IceCv)
  Kirke (D:15)
  2 deep elf sorcerers
  6 emperor scorpions
  A caustic shrike zombie (D:15)
  An orc warlord (Orc:1)
  4 ghost moths
  An ironheart preserver (D:13)
  3 entropy weavers
  A deep elf annihilator (Elf:1)
  2 ettins
  4 spark wasps
  Snorg (D:11)
  A merfolk javelineer (Shoals:1)
  A deep elf death mage (Elf:2)
  A merfolk impaler (Shoals:2)
  5 two-headed ogres
  2 hydras
  Erica (D:10)
  11 dancing weapons
  2 tengu warriors
  A satyr (Shoals:1)
  2 merfolk avatars
  4 centaur warriors
  A vampire mage (D:15)
  An orc high priest (Orc:1)
  Urug (D:11)
  Sonja (Lair:2)
  A fire crab (Lair:5)
  6 deep elf knights
  2 skeletal warriors (D:15)
  6 sea snakes
  3 unseen horrors
  7 deep elf archers
  A necromancer (D:15)
  7 orc knights
  6 harpies
  A harpy (shapeshifter) (D:14)
  6 orc sorcerers (Orc:2)
  5 fauns
  10 ugly things
  13 orb spiders
  25 deep elf magi
  33 wolf spiders
  A fire giant zombie (D:15)
  2 moths of wrath (Spider:4)
  4 manticores
  3 cyclopes
  16 elephants
  3 merfolk sirens
  A water nymph (Shoals:2)
  2 ice statues (IceCv)
  7 black mambas
  2 torpor snails
  A gargoyle (D:13)
  Maggie (D:6)
  13 komodo dragons
  4 centaur skeletons (D:15)
  15 spiny frogs
  6 kobold demonologists
  4 rime drakes
  13 ice devils (IceCv)
  A yaktaur (D:14)
  2 tengu conjurers (D:14)
  12 demonic crawlers
  11 trolls
  35 jumping spiders
  4 merfolk (Shoals:2)
  A wolf spider simulacrum (D:15)
  10 hornets
  4 polar bears
  2 wind drakes
  13 slime creatures
  15 blink frogs
  4 snapping turtles
  12 dream sheep
  10 hippogriffs
  A shadow (D:11)
  A vampire (D:14)
  74 redbacks
  2 air elementals
  A spriggan (D:7)
  An ice dragon skeleton (D:15)
  A tarantella (shapeshifter) (Elf:2)
  A deep troll skeleton (D:15)
  2 wraiths
  26 tarantellas
  6 wyverns
  2 water elementals
  19 yaks
  4 basilisks
  4 hogs (D:15)
  A hungry ghost (Shoals:1)
  A steam dragon (D:15)
  6 vampire mosquitoes (D:13)
  An iron troll simulacrum (IceCv)
  12 wargs
  3 soldier ants
  Edmund (D:6)
  A hydra simulacrum (IceCv)
  10 porcupines
  14 water moccasins
  36 orc warriors
  3 ice beasts
  An ice beast (shapeshifter) (D:13)
  4 black bears
  A phantom (D:4)
  5 sky beasts
  A necrophage (D:7)
  An ettin simulacrum (IceCv)
  12 ogres
  5 wolves
  6 centaurs
  17 crocodiles
  4 big kobolds
  19 bullfrogs
  4 earth elementals
  6 scorpions
  A water moccasin skeleton (D:7)
  17 wights
  4 howler monkeys
  12 electric eels
  11 crimson imps
  5 centaur zombies
  A quasit (D:14)
  5 hounds
  2 bullfrog zombies
  21 orc priests
  2 gnoll shamans
  3 jellies
  3 bullfrog skeletons
  52 orc wizards
  Jessica (D:2)
  6 iguanas
  6 hell rats
  10 worker ants
  A killer bee zombie (D:9)
  3 hound skeletons
  13 gnolls
  12 adders
  2 shadow imps
  4 adder skeletons
  A worm (D:4)
  A dart slug (D:1)
  8 leopard geckos
  162 orcs
  A ball python (D:1)
  6 bats
  5 giant cockroaches
  9 goblins
  18 hobgoblins
  9 jackals
  24 kobolds
  5 quokkas
  3 frilled lizards
  A jackal skeleton (D:6)
  A jackal zombie (D:5)
  A leopard gecko skeleton (D:4)
  A leopard gecko zombie (D:5)
  8 rats
  A spectral weapon (Spider:2)
1211 creatures vanquished.

Vanquished Creatures (others)
  A redback (Spider:3)
  A wight (D:9)
  2 fungi
  10 plants
  38 spectral weapons
  3 withered plants
55 creatures vanquished.

Grand Total: 1266 creatures vanquished

Notes
Turn   | Place    | Note
-------+----------+-------------------------------------------
     0 | D:1      | Flugkiller the Ogre Skald began the quest for the Orb.
     0 | D:1      | Reached XP level 1. HP: 22/22 MP: 3/3
   289 | D:1      | Reached XP level 2. HP: 29/32 MP: 0/5
   575 | D:1      | Reached XP level 3. HP: 34/39 MP: 1/7
  1030 | D:1      | Learned a level 2 spell: Shroud of Golubria
  1034 | D:1      | Learned a level 3 spell: Spectral Weapon
  1102 | D:2      | Noticed Jessica
  1110 | D:2      | Killed Jessica
  1110 | D:2      | Reached skill level 1 in Hexes
  1110 | D:2      | Reached XP level 4. HP: 31/48 MP: 3/8
  1285 | D:2      | Found a faded altar of an unknown god.
  1490 | D:2      | Found a shadowy altar of Dithmenos.
  1753 | D:3      | Reached XP level 5. HP: 17/54 MP: 7/9
  2026 | D:3      | Found a runed translucent gate.
  2038 | D:3      | Found a runed translucent gate.
  2038 | D:3      | Found a runed translucent gate.
  2040 | D:3      | Noticed incide's ghost (amateur DsGl)
  2040 | D:3      | Noticed Esekla's ghost (amateur DESk)
  2982 | D:2      | Reached XP level 6. HP: 52/62 MP: 6/10
  4174 | D:4      | Reached skill level 5 in Charms
  4174 | D:4      | Reached XP level 7. HP: 36/70 MP: 5/11
  4490 | D:4      | Learned a level 3 spell: Ozocubu's Armour
  4842 | D:4      | Found Vurissoth's Gadget Emporium.
  4994 | D:4      | Reached skill level 2 in Maces & Flails
  5195 | D:4      | Reached XP level 8. HP: 56/79 MP: 6/14
  5646 | D:4      | Reached skill level 3 in Maces & Flails
  5917 | D:4      | Reached skill level 5 in Fighting
  6239 | D:5      | Entered Level 5 of the Dungeon
  6317 | D:5      | Reached skill level 4 in Maces & Flails
  6367 | D:5      | Found a sacrificial altar of Ru.
  6862 | D:5      | Found an opulent altar of Gozag.
  7034 | D:6      | Noticed Maggie
  7052 | D:6      | Killed Maggie
  7052 | D:6      | Reached skill level 5 in Maces & Flails
  7256 | D:6      | Found Zin's Purification Station.
  7261 | D:6      | Found a glowing silver altar of Zin.
  7317 | D:6      | Reached XP level 9. HP: 88/92 MP: 11/15
  7355 | D:6      | Noticed a troll
  7369 | D:6      | Killed a troll
  7369 | D:6      | Reached skill level 6 in Maces & Flails
  7646 | D:6      | Noticed Edmund
  7662 | D:6      | Reached skill level 7 in Maces & Flails
  7722 | D:6      | Killed Edmund
  7808 | D:6      | Found a bloodstained altar of Trog.
  7880 | D:6      | Identified the +8 short sword "Olefu" {flame, *Rage rElec
                  | rF+ Int+2}
  8030 | D:6      | Found an iron altar of Okawaru.
  8030 | D:6      | Found a burning altar of Makhleb.
  8177 | D:6      | Found a sparkling altar of Nemelex Xobeh.
  8431 | D:7      | Reached skill level 8 in Maces & Flails
  8811 | D:7      | Reached XP level 10. HP: 100/107 MP: 16/16
  8973 | D:7      | Found a staircase to the Ecumenical Temple.
  9089 | D:7      | Reached skill level 9 in Maces & Flails
  9142 | Temple   | Entered the Ecumenical Temple
  9167 | Temple   | Became a worshipper of Uskayaw the Reveler
  9390 | D:8      | Reached * piety under Uskayaw
  9394 | D:8      | Reached skill level 1 in Invocations
  9394 | D:8      | Reached ** piety under Uskayaw
  9397 | D:8      | Reached *** piety under Uskayaw
  9508 | D:8      | Found a white marble altar of Elyvilon.
  9919 | D:8      | Found a glowing golden altar of the Shining One.
  9922 | D:8      | Found a radiant altar of Vehumet.
 10295 | D:9      | Noticed a white ugly thing
 10375 | D:9      | Killed a white ugly thing
 10874 | D:9      | Found a staircase to the Orcish Mines.
 10909 | D:9      | Reached **** piety under Uskayaw
 11107 | D:9      | Found a roughly hewn altar of Beogh.
 11152 | D:9      | Reached skill level 5 in Invocations
 11652 | D:10     | Entered Level 10 of the Dungeon
 11661 | D:10     | Noticed Erica
 11661 | D:10     | You fall into a shaft and drop 3 floors!
 11662 | D:13     | Noticed a gargoyle
 11668 | D:13     | Noticed an unseen horror
 11668 | D:13     | Noticed a cyan ugly thing
 11677 | D:12     | Found a transporter.
 11702 | D:12     | Reached skill level 5 in Dodging
 11743 | D:12     | Reached XP level 11. HP: 70/115 MP: 14/17
 11752 | D:12     | Found a transporter.
 11762 | D:12     | Found a flagged portal.
 11772 | Bailey   | Entered a bailey
 11988 | Bailey   | Reached skill level 1 in Evocations
 12184 | Bailey   | Found an iron altar of Okawaru.
 12377 | Bailey   | Noticed an orc knight
 12399 | Bailey   | Killed an orc knight
 12679 | Bailey   | Noticed an orc knight
 12703 | Bailey   | Killed an orc knight
 12706 | Bailey   | Reached ***** piety under Uskayaw
 13145 | Bailey   | Noticed an orc knight
 13153 | Bailey   | Killed an orc knight
 13157 | Bailey   | Reached skill level 10 in Fighting
 13304 | Bailey   | Got an ivory dagger
 13698 | D:10     | Noticed a two-headed ogre
 13709 | D:10     | Killed a two-headed ogre
 13753 | D:10     | Found a staircase to the Lair.
 13771 | D:10     | Reached skill level 10 in Maces & Flails
 14095 | D:10     | Noticed a two-headed ogre
 14107 | D:10     | Killed a two-headed ogre
 14150 | D:10     | Found a runed translucent door.
 14150 | D:10     | Noticed an ice dragon
 14152 | D:10     | Found the +2 shield of Resistance {rF+ rC+ MR+}
 14154 | D:10     | Found a runed translucent door.
 14156 | D:10     | Noticed a fire dragon
 14156 | D:10     | Noticed a fire dragon
 14156 | D:10     | Noticed an ice dragon
 14222 | D:10     | Killed Erica
 14222 | D:10     | Reached XP level 12. HP: 80/130 MP: 14/18
 14659 | D:10     | Gained mutation: Your system is resistant to poisons.
                  | (rPois) [potion of mutation]
 14659 | D:10     | Gained mutation: You have sharp fingernails. [potion of
                  | mutation]
 14659 | D:10     | Gained mutation: You are frail. (-10% HP) [potion of
                  | mutation]
 14659 | D:10     | Gained mutation: You are partially covered in slimy green
                  | scales. (AC +2) [potion of mutation]
 14660 | D:10     | Lost mutation: You have sharp fingernails. [potion of
                  | mutation]
 14660 | D:10     | Lost mutation: You are frail. (-10% HP) [potion of
                  | mutation]
 14660 | D:10     | Lost mutation: Your system is resistant to poisons. (rPois)
                  | [potion of mutation]
 14660 | D:10     | Lost mutation: You are partially covered in slimy green
                  | scales. (AC +2) [potion of mutation]
 14660 | D:10     | Gained mutation: You have a pair of small horns on your
                  | head. [potion of mutation]
 14660 | D:10     | Gained mutation: You are somewhat resistant to further
                  | mutation. [potion of mutation]
 14680 | D:10     | Identified the +5 giant club "Tujoul" {antimagic, Int+2}
                  | (You acquired it on level 10 of the Dungeon)
 14680 | D:10     | Identified the Catalogue of Dusty Flames (You acquired it
                  | on level 10 of the Dungeon)
 14804 | Lair:1   | Entered Level 1 of the Lair of Beasts
 14833 | D:10     | Reached skill level 11 in Maces & Flails
 15370 | Lair:1   | Got a fine hand axe
 15582 | Lair:1   | Noticed a five-headed hydra
 15596 | Lair:1   | Killed a five-headed hydra
 15704 | Lair:1   | Reached skill level 12 in Maces & Flails
 16689 | Lair:2   | Noticed Sonja
 16710 | Lair:2   | Killed Sonja
 16943 | Lair:2   | Reached XP level 13. HP: 109/144 MP: 6/19
 17220 | Lair:2   | Reached skill level 13 in Maces & Flails
 17610 | Lair:2   | Found a hole to the Spider Nest.
 18374 | Lair:3   | Got a coiled iron ring
 18383 | Lair:3   | Identified the ring "Noskosu" {*Tele rC- Int+5 Dex+3} (You
                  | found it on level 3 of the Lair of Beasts)
 19727 | Lair:4   | Found a staircase to the Shoals.
 21287 | Lair:5   | Found a viscous altar of Jiyva.
 21287 | Lair:5   | Found a staircase to the Slime Pits.
 21785 | Lair:6   | Entered Level 6 of the Lair of Beasts
 21834 | Lair:6   | Reached skill level 14 in Maces & Flails
 21969 | Lair:6   | Reached XP level 14. HP: 130/157 MP: 3/20
 22729 | Lair:6   | Reached skill level 15 in Fighting
 23856 | D:11     | Reached skill level 15 in Maces & Flails
 23869 | D:11     | Found Ymnuvem's Magic Scroll Boutique.
 23872 | D:11     | Bought a scroll of brand weapon for 360 gold pieces
 23872 | D:11     | Bought a scroll of summoning for 171 gold pieces
 23872 | D:11     | Bought a scroll of fear for 63 gold pieces
 23872 | D:11     | Bought a scroll of teleportation for 54 gold pieces
 24062 | D:11     | Noticed Urug
 24152 | D:11     | Killed Urug
 24586 | D:11     | Noticed Snorg
 24619 | D:11     | Killed Snorg
 24986 | D:12     | Found Boidin's General Store.
 25797 | D:13     | Reached XP level 15. HP: 169/169 MP: 3/21
 26116 | D:13     | Found a gate to the Vaults.
 26801 | D:14     | Found a white marble altar of Elyvilon.
 26908 | D:14     | Reached skill level 10 in Dodging
 26929 | D:14     | Reached ****** piety under Uskayaw
 26974 | D:14     | Reached skill level 16 in Maces & Flails
 27156 | D:14     | Found Pyjeg's Assorted Antiques.
 27161 | D:14     | Bought a scroll of identify for 56 gold pieces
 27161 | D:14     | Bought a scroll labeled DOCERCH USOXZELINI for 28 gold
                  | pieces
 27174 | D:14     | Found Ecso's Book Boutique.
 27515 | D:15     | Entered Level 15 of the Dungeon
 27874 | D:15     | Noticed Kirke
 28035 | D:15     | Killed Kirke
 28064 | D:15     | Found a staircase to the Depths.
 28618 | Orc:1    | Entered Level 1 of the Orcish Mines
 28624 | Orc:1    | Found Niolon's Antique Weapon Emporium.
 28681 | Orc:1    | Noticed an orc warlord
 28708 | Orc:1    | Killed an orc warlord
 28767 | Orc:1    | Found Xotit's Gadget Emporium.
 28771 | Orc:1    | Found Rerybbar's Antique Weapon Shop.
 28860 | Orc:1    | Found Jaafag's Antique Weapon Emporium.
 29088 | Orc:2    | Entered Level 2 of the Orcish Mines
 29309 | Orc:2    | Reached XP level 16. HP: 182/182 MP: 19/22
 29585 | Orc:2    | Paralysed by an orc sorcerer for 2 turns
 29698 | Orc:2    | Found a staircase to the Elven Halls.
 29843 | Orc:2    | Found a roughly hewn altar of Beogh.
 30068 | Orc:2    | Found Namil's Book Emporium.
 30068 | Orc:2    | Found Ozuv Ota's Jewellery Shop.
 30288 | Orc:2    | Found Iliarph's Food Shop.
 30288 | Orc:2    | Found Hinn's Jewellery Emporium.
 30489 | Orc:1    | Bought the +3 giant club "Skullcrusher" {speed, Str+7} for
                  | 1337 gold pieces
 30489 | Orc:1    | Found the +3 giant club "Skullcrusher" {speed, Str+7}
 30542 | Orc:2    | Bought an uncursed ring of poison resistance for 240 gold
                  | pieces
 30704 | Spider:1 | Entered Level 1 of the Spider Nest
 30754 | Spider:1 | Reached skill level 17 in Maces & Flails
 32420 | Spider:2 | Found a transporter.
 32924 | Spider:2 | Found a transporter.
 33038 | Spider:2 | Reached skill level 18 in Maces & Flails
 34405 | Spider:4 | Entered Level 4 of the Spider Nest
 34436 | Spider:4 | Reached XP level 17. HP: 100/191 MP: 17/23
 34442 | Spider:4 | Found a frozen archway.
 34457 | IceCv    | Entered an ice cave
 34963 | IceCv    | Reached skill level 19 in Maces & Flails
 35191 | IceCv    | Noticed an Ice Fiend
 35199 | IceCv    | Killed an Ice Fiend
 35235 | IceCv    | Identified the +8 plate armour "Jaolytz" {Int+7} (You found
                  | it in an ice cave)
 35881 | Spider:4 | Got a scintillating copper ring
 36041 | Spider:4 | Identified the ring "Trusted Companion" {rPois Slay+5} (You
                  | found it on level 4 of the Spider Nest)
 36773 | Spider:4 | Reached skill level 20 in Maces & Flails
 37607 | Spider:4 | Got a gossamer rune of Zot
 38174 | Shoals:1 | Entered Level 1 of the Shoals
 38467 | Shoals:1 | Found Hoatsotz's Antique Armour Shop.
 39296 | Shoals:2 | Reached XP level 18. HP: 134/200 MP: 22/24
 40132 | Orc:2    | Bought an uncursed ring of protection from magic for 300
                  | gold pieces
 40871 | Shoals:2 | Reached skill level 21 in Maces & Flails
 41520 | Elf:1    | Entered Level 1 of the Elven Halls
 41598 | Elf:1    | Found Jafuo's Magic Scroll Shoppe.
 41676 | Elf:1    | Bought a scroll of teleportation for 39 gold pieces
 41676 | Elf:1    | Bought a scroll of magic mapping for 45 gold pieces
 41676 | Elf:1    | Bought a scroll of magic mapping for 45 gold pieces
 41868 | Elf:1    | Found Zubedowk's Mass Market.
 41916 | Elf:1    | Found Sugry's Distillery.
 41926 | Elf:1    | Bought a potion of haste for 170 gold pieces
 42018 | Elf:1    | Found Ollauh's Gadget Boutique.
 43183 | Elf:2    | Found a runed translucent gate.
 43183 | Elf:2    | Found a runed translucent gate.
 43184 | Elf:2    | Found a runed translucent gate.
 43463 | Elf:3    | Entered Level 3 of the Elven Halls
 43890 | Elf:3    | Reached skill level 22 in Maces & Flails
 43892 | Elf:3    | Mangled by an earth elemental

Levels and vault maps discovered:
D:1:      dpeg_arrival_simpleton_c, layout_loops_ring, minmay_tetromino_o4
D:2:      layout_rooms, lemuel_doored_altar, chequers_ecumenical_altar_grove,
          uniq_jessica
D:3:      layout_loops_cross, gammafunk_ghost_cemetery, chequers_big_river
D:4:      kennysheep_big_flooded_room, layout_layer_cave, serial_shops, shop
D:5:      layout_basic, nicolae_gozag_seed_capital, first_ration,
          nicolae_ru_sacrificial_ziggurat
D:6:      hangedman_cross_stitches, layout_layer_cave, zin_purify, minitemple,
          kennysheep_mini_moat, basic_altar, hangedman_decor_growths,
          uniq_edmund, uniq_maggie
D:7:      layout_rooms, minmay_temple_entry_drinking_statues, the_bakery,
          kennysheep_big_empty_room
D:8:      layout_cave_pools, gammafunk_temple_overflow_forgotten,
          serial_park_tiny_2
D:9:      layout_loops_ring, minmay_orc_entry_temple_small, special_room
          [special_room_orc]
D:10:     layout_roguey, erik_lair_orcish_takeover, serial_curves,
          eino_curves_04, eino_curves_03, minmay_guarded_unrand_resistance,
          uniq_erica
D:11:     layout_loops_ring, serial_shops, shop, kb_rosetta, uniq_urug,
          uniq_snorg
D:12:     gammafunk_cloud_chamber, layout_small_grid, enter_bailey_2,
          serial_shops, nicolae_shop_window_shopping, minmay_misc_feat_chi
D:13:     layout_roguey, skrybe_vaults_entry_preservation
D:14:     layout_roguey, minmay_crystal_water, serial_shops,
          nicolae_shop_statue_plus, shop_statue, elyvilon_altar_4
D:15:     gammafunk_depths_entry_grave, layout_long_grid, uniq_kirke
Temple:   cyrus_circular_temple
Lair:1:   layout_hall_layers, beast_lair_carwin_8
Lair:2:   layout_chaotic_city, spider_nest_entry_funnel_web,
          serial_bayou_lagoon_b, minmay_lair_oklob_chamber,
          infiniplex_staircase_pool_2, lemuel_fruit_fields, uniq_sonja
Lair:3:   layout_regular_city, grunt_megastairs_1
Lair:4:   layout_layer_cave, minmay_shoals_entry_beasts
Lair:5:   layout_cave_pods, slime_altar_1
Lair:6:   gammafunk_lair_ancient_temple, layout_small_grid, serial_bayou_pond_a,
          st_stairs_5, minmay_stone_trees_small
Shoals:1: layout_shoals, serial_shops, shop_fountains, nicolae_shoals_so_close
Shoals:2: layout_shoals
Spider:1: layout_spider_delve
Spider:2: gammafunk_the_bubble [the_bubble_gammafunk_plus_minus],
          spiders_nest_hornet_nest
Spider:3: layout_spider_delve
Spider:4: guppyfry_spider_rune, portal_ice_cave_entry_pillars_three,
          guppyfry_spider_mini_2
Orc:1:    layout_diamond_mine, serial_shops, shop, nicolae_shop_stone, shop,
          shop_fountains
Orc:2:    st_orc_town, layout_diamond_mine
Elf:1:    elf_arrival_001, layout_rooms, serial_corexii_hall,
          chequers_hall_statues_wall_a, corexii_hall_statues_i,
          corexii_hall_statues_i, corexii_hall_statues_x,
          corexii_hall_statues_i, chequers_hall_statues_corner_a, serial_shops,
          shop, nicolae_shop_crystal, nicolae_shop_stone, minmay_shop_mass,
          roderic_roman_lattice, hangedman_elf_targetted_burst
Elf:2:    layout_geoelf_octagon, guppyfry_library_mini
Elf:3:    minmay_elf_hall_furrowed, layout_geoelf_grid, serial_shops,
          nicolae_shop_statue_plus, nicolae_shop_stone

Skill      XL: |  1  2  3  4  5  6  7  8  9 10 11 12 13 14 15 16 17 18 |
---------------+-------------------------------------------------------+-----
Fighting       | 4 6 9 11 13 14 15 16 17 | 17.1
Charms         | 3 4 5 6 |  6.0
Spellcasting   | 3 4 |  4.0
Hexes          | 1 2 4 |  4.0
Maces & Flails | 2 5 8 9 10 12 14 15 16 18 20 22 | 22.0
Invocations    | 6 |  6.2
Dodging        | 5 6 8 9 10 11 | 11.0
Evocations     | 4 |  4.0

Action                   |  1- 3 |  4- 6 |  7- 9 | 10-12 | 13-15 | 16-18 || total
-------------------------+-------+-------+-------+-------+-------+-------++-------
Melee: Mace              |    74 |    52 |       |       |       |       ||   126
       Whip              |       |   124 |   192 |       |       |       ||   316
       Dire flail        |       |       |    50 |   471 |       |       ||   521
       Giant club        |       |       |       |   115 |   601 |   874 ||  1590
       Headbutt          |       |       |       |    21 |   207 |   246 ||   474
       Giant spiked club |       |       |       |       |   310 |   279 ||   589
       Unarmed           |       |       |       |       |     2 |       ||     2
Throw: Dart              |       |     6 |       |       |       |       ||     6
 Cast: Infusion          |    13 |    18 |    12 |       |     1 |       ||    44
       Shroud of Golubri |       |     2 |     9 |    14 |    10 |     8 ||    43
       Spectral Weapon   |       |       |    23 |    54 |    83 |    95 ||   255
       Ozocubu's Armour  |       |       |       |     3 |       |       ||     3
Invok: Line Pass         |       |       |       |     2 |       |     1 ||     3
       Stomp             |       |       |       |     1 |       |       ||     1
       Grand Finale      |       |       |       |       |       |     1 ||     1
Evoke: Wand              |       |     1 |     6 |    12 |     7 |    12 ||    38
  Use: Scroll            |       |     7 |     5 |    16 |    18 |    11 ||    57
       Potion            |       |       |       |     8 |     2 |    17 ||    27
 Stab: Distracted        |       |       |     1 |     3 |       |     2 ||     6
       Paralysed         |       |       |       |    19 |    57 |    53 ||   129
       Confused          |       |       |       |       |       |     1 ||     1
  Eat: Chunk             |     1 |    10 |    10 |    30 |    42 |    30 ||   123
       Ration            |       |       |     2 |     1 |     2 |     8 ||    13
Armor: Robe              |    33 |    44 |    34 |       |       |       ||   111
       Steam dragon scal |       |       |    36 |   122 |       |       ||   158
       Troll leather arm |       |       |       |    71 |   154 |   192 ||   417
       Skin              |       |       |       |    37 |       |       ||    37
Dodge: Dodged            |    40 |    84 |   127 |   331 |   811 |  1045 ||  2438

Table legend:
 A = Non-vault XP
 B = Vault XP
 C = Vault XP percentage of total XP
 D = Non-vault monster count
 E = Vault monster count
 F = Vault count percentage of total count
                 A         B        C        D         E       F
            +---------+---------+-------+---------+---------+-------
      Total |  204894 |   91660 |  30.9 |     896 |     316 |  26.1
            +---------+---------+-------+---------+---------+-------
        D:1 |      36 |       3 |   7.7 |      13 |       2 |  13.3
        D:2 |      98 |      37 |  27.4 |      26 |       1 |   3.7
        D:3 |     338 |       0 |   0.0 |      30 |       0 |   0.0
        D:4 |     926 |      58 |   5.9 |      34 |       2 |   5.6
        D:5 |     255 |       0 |   0.0 |       8 |       0 |   0.0
        D:6 |    1145 |    1301 |  53.2 |      28 |      11 |  28.2
        D:7 |    1103 |     220 |  16.6 |      26 |       1 |   3.7
        D:8 |     584 |       0 |   0.0 |      14 |       0 |   0.0
        D:9 |    1926 |     356 |  15.6 |      23 |      28 |  54.9
       D:10 |    4643 |    1562 |  25.2 |      25 |      10 |  28.6
       D:11 |    3020 |    3280 |  52.1 |      48 |       6 |  11.1
       D:12 |    4198 |     866 |  17.1 |      32 |       1 |   3.0
       D:13 |   10774 |    3019 |  21.9 |      48 |       5 |   9.4
       D:14 |   10800 |       0 |   0.0 |      40 |       0 |   0.0
       D:15 |    4565 |    8488 |  65.0 |      19 |      13 |  40.6
     Lair:1 |    6057 |    2261 |  27.2 |      23 |       7 |  23.3
     Lair:2 |    6537 |    2910 |  30.8 |      36 |       8 |  18.2
     Lair:3 |    1658 |     411 |  19.9 |       8 |       1 |  11.1
     Lair:4 |    2604 |     779 |  23.0 |      12 |       2 |  14.3
     Lair:5 |    4035 |       0 |   0.0 |      16 |       0 |   0.0
     Lair:6 |   13168 |   10906 |  45.3 |      46 |      29 |  38.7
   Shoals:1 |    5526 |     189 |   3.3 |      11 |       1 |   8.3
   Shoals:2 |   14935 |       0 |   0.0 |      30 |       0 |   0.0
   Spider:1 |   11268 |       0 |   0.0 |      31 |       0 |   0.0
   Spider:2 |   18185 |       0 |   0.0 |      48 |       0 |   0.0
   Spider:3 |   10750 |       0 |   0.0 |      34 |       0 |   0.0
   Spider:4 |   23138 |   27948 |  54.7 |      58 |      53 |  47.7
      Orc:1 |    5925 |       0 |   0.0 |      34 |       0 |   0.0
      Orc:2 |    7648 |    4344 |  36.2 |      49 |      59 |  54.6
      Elf:1 |   10752 |    1672 |  13.5 |      15 |       3 |  16.7
      Elf:2 |   15707 |    6720 |  30.0 |      24 |      11 |  31.4
      Elf:3 |    2590 |    1755 |  40.4 |       7 |       1 |  12.5
     Bailey |       0 |    3986 | 100.0 |       0 |      42 | 100.0
      IceCv |       0 |    8589 | 100.0 |       0 |      19 | 100.0
            +---------+---------+-------+---------+---------+-------
